 Dungeon Crawl Stone Soup version 0.29-a0-359-g541a27f54d (webtiles) character file.

Game seed: 62805767017101883

14297 Antichthon the Peltast (level 12, -4/69 (75) HPs)
             Began as an Octopode Brigand on Apr 27, 2022.
             Was an Elder of Wu Jian.
             Slain by a spectral orc knight
             ... wielding a +0 dire flail
             ... summoned by Nergalle
              (21 damage)
             ... on level 10 of the Dungeon.
             The game lasted 00:37:06 (15392 turns).

Antichthon the Peltast (Octopode Brigand)          Turns: 15392, Time: 00:37:07

HP:   -4/69 (75)    AC:  1    Str: 11    XL:     12   Next: 15%
MP:   12/12         EV: 16    Int: 14    God:    Wu Jian [****..]
Gold: 1043          SH: 22    Dex: 25    Spells: 11/11 levels left

rFire   + + .      SeeInvis .   a - +8 dagger
rCold   + + .      Faith    .   e - +2 shield of Resistance {rF++ rC++ Will++}
rNeg    . . .      Spirit   .   (helmet restricted)
rPois   .          Reflect  +   u - amulet of reflection
rElec   .          Harm     .   b - +6 ring of dexterity
rCorr   .          Rampage  .   (no ring)
Will    ++...                   (no ring)
Stlth   +++++++...              (no ring)
HPRegen 0.21/turn               (no ring)
MPRegen 0.13/turn               (no ring)
                                (no ring)
                                (no ring)

@: about to teleport, drained
A: almost no armour, amphibious, 8 rings, camouflage 1, gelatinous body 1,
(nimble swimmer 1), tentacles, agile 1
a: Renounce Religion, Wall Jump, Serpent's Lash


You were on level 10 of the Dungeon.
You worshipped Wu Jian.
Wu Jian was greatly pleased with you.
You visited 3 branches of the dungeon, and saw 13 of its levels.
You also visited: Sewer.

You collected 1629 gold pieces.
You spent 586 gold pieces at shops.

Inventory:

Hand Weapons
 a - a +8 dagger (weapon)
Missiles
 c - 7 curare-tipped darts (quivered)
 l - 8 atropa-tipped darts
 t - 68 poisoned darts
 y - 3 datura-tipped darts
Armour
 e - the +2 shield of Resistance (worn) {rF++ rC++ Will++}
   (You acquired it on level 4 of the Dungeon)

   rF:        It greatly protects you from fire.
   rC:        It greatly protects you from cold.
   Will:      It greatly increases your willpower.
Jewellery
 b - a +6 ring of dexterity (left tentacle)
 u - an amulet of reflection (around mantle)
 D - a ring of ice
Wands
 j - a wand of digging (7)
 k - a wand of flame (28)
 p - a wand of acid (15)
 s - a wand of polymorph (11)
Scrolls
 d - 2 scrolls of fog
 f - 3 scrolls of fear
 h - 4 scrolls of teleportation
 n - a scroll of magic mapping
 o - 3 scrolls of identify
 q - 2 scrolls of amnesia
 r - a scroll of enchant armour
 x - a scroll of holy word
 B - a scroll of vulnerability
Potions
 g - 3 potions of might
 i - 2 potions of lignification
 m - 2 potions of flight
 v - a potion of resistance
 w - 2 potions of curing
 z - a potion of attraction
 A - 2 potions of berserk rage
Miscellaneous
 C - a phial of floods
 E - a piece from Xom's chessboard (15/15)


   Skills:
 * Level 4.4 Fighting
 * Level 6.1 Short Blades
 - Level 2.0 Throwing
 * Level 4.5 Dodging
 * Level 11.8 Stealth
 * Level 15.0 Shields
 * Level 4.4 Evocations


You had 11 spell levels left.
You didn't know any spells.
Your spell library contained the following spells:

 Spells                   Type           Power      Damage    Failure   Level
 Apportation              Tloc           0%         N/A       45%         1
 Beastly Appendage        Tmut           0%         N/A       45%         1
 Pain                     Necr           0%         1d4       45%         1
 Sting                    Tmut/Pois      0%         1d3       45%         1
 Sublimation of Blood     Necr           0%         N/A       58%         2
 Call Canine Familiar     Summ           0%         N/A       83%         3
 Gell's Gravitas          Tloc           0%         N/A       83%         3
 Lesser Beckoning         Tloc           0%         N/A       83%         3
 Portal Projectile        Hex/Tloc       0%         N/A       83%         3
 Teleport Other           Tloc           0%         N/A       83%         3
 Leda's Liquefaction      Hex/Erth       0%         N/A       99%         4
 Petrify                  Tmut/Erth      0%         N/A       99%         4
 Agony                    Necr           0%         N/A       100%        5
 Excruciating Wounds      Necr           0%         N/A       100%        5
 Irradiate                Conj/Tmut      0%         3d13      100%        5


Dungeon Overview and Level Annotations

Branches:
Dungeon (11/15)            Temple (1/1) D:6            Lair (1/6) D:11
    Orc (0/2) D:10          Sewer (visited)

Altars:
Ashenzari
Cheibriados
Dithmenos
Elyvilon
Fedhas
Gozag
Hepliaklqana
Kikubaaqudgha
Makhleb
Nemelex Xobeh
Okawaru
Qazlal
Ru
Sif Muna
Trog
Uskayaw
Vehumet
Wu Jian
Xom
Yredelemnul
Zin
The Shining One

Shops:
D:6 (   D:7 *   D:8 ?*:

Annotations:
D:10 Lodul, Nergalle


Innate Abilities, Weirdness & Mutations

You cannot wear most types of armour.
You are amphibious.
You can wear up to eight rings at the same time.
Your skin changes colour to match your surroundings (Stealth+).
Your rubbery body absorbs attacks. (AC +1, EV +1)
((You are camouflaged when in or above water. (Stealth+)))
You have tentacles for arms and can constrict up to eight enemies at once.
You are agile. (Dex +2)


Message History

You feel drained.
The spectral orc knight closely misses you.
You hit Nergalle but do no damage. You squeeze Nergalle!
Nergalle is heavily wounded.
You constrict Nergalle. Nergalle barely misses you.
You block the spectral orc knight's attack.
You block the spectral orc warrior's attack.
The spectral orc knight hits you with a +0 great sword!!
You hit Nergalle but do no damage. You squeeze Nergalle, but do no damage.
Nergalle is heavily wounded.
You constrict Nergalle, but do no damage.
Nergalle hits you with a +0 dagger.
Unknown command.
You hit Nergalle but do no damage. You squeeze Nergalle, but do no damage.
Nergalle is heavily wounded.
You constrict Nergalle.
The spectral orc knight closely misses you.
You block the spectral orc knight's attack.
You block the spectral orc warrior's attack.
Unknown command.
You hit Nergalle. You squeeze Nergalle, but do no damage.
Nergalle is heavily wounded.
You constrict Nergalle, but do no damage.
Nergalle casts a spell at you. The bolt of negative energy hits you!!
You feel drained.
* * * LOW HITPOINT WARNING * * *
You block the spectral orc knight's attack.
You block the spectral orc warrior's attack.
The spectral orc knight misses you.
Okay, then.
Unknown command.
Press: ? - help, v - describe, . - travel
Here: Nergalle, wielding a +0 dagger and wearing a +1 robe of willpower (heavily wounded, constricted by you, unusually resistant)
The floor.
Unknown command.
As you read the scroll of teleportation, it crumbles to dust.
You feel strangely unstable.
You constrict Nergalle. You block Nergalle's attack.
The spectral orc knight hits you with a +0 dire flail!!
You die...

#######################
#....oZ................
#.....@Z.......########
#.....Z........########
#......................
#############...#######
#...# #...# #...#
#######################
#....)....))......<....


You could see Nergalle (resistant), a spectral orc warrior (summoned) and 2
spectral orc knights.

Vanquished Creatures
  3 two-headed ogres
  Pikel (D:5)
  An elephant (D:11)
  Maggie (D:7)
  3 trolls
  A hornet (D:7)
  Prince Ribbit (D:5)
  2 wyverns
  9 yaks
  2 steam dragons
  9 wargs (D:11)
  An acid dragon (D:8)
  6 water moccasins
  A hell hound (D:11)
  2 black bears
  11 orc warriors
  2 sky beasts (D:7)
  4 ice beasts
  11 ogres
  3 centaurs
  2 lemures (D:5)
  2 phantoms
  7 kobold brigands
  Blork the orc (D:5)
  5 gnoll sergeants
  9 bullfrogs
  2 scorpions
  4 wights
  6 killer bees (D:9)
  4 howler monkeys
  An electric eel (D:7)
  A gnoll shaman (D:7)
  3 jellies
  4 orc priests
  5 hounds
  Jessica (D:3)
  3 iguanas
  Ijyb (D:5)
  Natasha (thrice) (D:2)
  8 orc wizards
  A mummy (D:5)
  25 gnolls
  5 river rats (Sewer)
  13 adders
  4 white imps
  4 worms
  3 dart slugs
  30 orcs
  7 bats
  6 endoplasms
  4 giant cockroaches
  9 goblins
  4 hobgoblins
  26 kobolds
  4 quokkas
  13 ball pythons
  10 frilled lizards
  10 rats
324 creatures vanquished.

Vanquished Creatures (others)
  A gnoll (D:9)
  2 plants
3 creatures vanquished.

Grand Total: 327 creatures vanquished

Notes
Turn   | Place    | Note
-------+----------+-------------------------------------------
     0 | D:1      | Antichthon the Octopode Brigand began the quest for the
                  | Orb.
     0 | D:1      | Reached XP level 1. HP: 14/14 MP: 1/1
   118 | D:1      | Reached XP level 2. HP: 19/19 MP: 2/2
   661 | D:2      | Reached XP level 3. HP: 24/24 MP: 3/3
   703 | D:2      | Noticed Natasha
   712 | D:2      | Killed Natasha
  1044 | D:2      | Noticed Natasha
  1049 | D:2      | Killed Natasha
  1050 | D:2      | Reached skill level 1 in Shields
  1050 | D:2      | Reached XP level 4. HP: 11/29 MP: 4/4
  1107 | D:2      | Noticed Natasha
  1177 | D:2      | Reached skill level 1 in Evocations
  1363 | D:2      | Killed Natasha
  1687 | D:2      | Found a faded altar of an unknown god.
  1697 | D:2      | Reached XP level 5. HP: 34/34 MP: 5/5
  1883 | D:3      | Found an ancient bone altar of Kikubaaqudgha.
  2212 | D:3      | Found a shimmering blue altar of Sif Muna.
  2234 | D:3      | Found a shimmering altar of Xom.
  2307 | D:3      | Noticed Jessica
  2314 | D:3      | Killed Jessica
  2596 | D:3      | Reached XP level 6. HP: 41/41 MP: 6/6
  2688 | D:3      | Identified the +0 ring mail "Oppel" {rPois rF+ SInv}
  3036 | D:4      | Found an opulent altar of Gozag.
  3071 | D:4      | Found a glowing drain.
  3084 | Sewer    | Entered a sewer
  3420 | Sewer    | Gained mutation: Your body sometimes deteriorates upon
                  | taking damage. [potion of mutation]
  3420 | Sewer    | Gained mutation: You are partially covered in iridescent
                  | scales. (AC +2) [potion of mutation]
  3523 | Sewer    | Lost mutation: You are partially covered in iridescent
                  | scales. (AC +2) [potion of mutation]
  3523 | Sewer    | Lost mutation: Your body sometimes deteriorates upon taking
                  | damage. [potion of mutation]
  3523 | Sewer    | Gained mutation: You are occasionally teleported next to
                  | monsters. [potion of mutation]
  3523 | Sewer    | Gained mutation: Your spells are a little harder to cast,
                  | but a little more powerful. [potion of mutation]
  3523 | Sewer    | Gained mutation: You have a pair of small antennae on your
                  | head. [potion of mutation]
  3711 | D:4      | Reached XP level 7. HP: 24/45 MP: 7/7
  3877 | D:4      | Noticed a +0 short sword
  3877 | D:4      | Noticed a +0 dagger
  3877 | D:4      | Noticed a +0 spear
  3878 | D:4      | Noticed a +0 dagger
  3878 | D:4      | Noticed a +0 spear
  3879 | D:4      | Noticed a +0 falchion
  3880 | D:4      | Found a hide-covered altar of Uskayaw.
  3880 | D:4      | Noticed a +0 falchion
  3880 | D:4      | Noticed a +0 short sword
  4409 | D:4      | Identified a scroll of acquirement
  4411 | D:4      | Acquired the +2 shield of Resistance {rF++ rC++ Will++}
  4411 | D:4      | Found the +2 shield of Resistance {rF++ rC++ Will++}
  4508 | D:5      | Entered Level 5 of the Dungeon
  4538 | D:5      | Found a basalt altar of Yredelemnul.
  4562 | D:5      | Reached skill level 3 in Shields
  4575 | D:5      | Found a snail-covered altar of Cheibriados.
  4577 | D:5      | Noticed Pikel
  4660 | D:5      | Found a white marble altar of Elyvilon.
  4672 | D:5      | Noticed Blork the orc
  4681 | D:5      | Noticed Ijyb
  4683 | D:5      | Killed Blork the orc
  4735 | D:5      | Killed Ijyb
  4836 | D:5      | Reached skill level 4 in Shields
  4844 | D:5      | Killed Pikel
  4845 | D:5      | Reached skill level 6 in Shields
  4845 | D:5      | Reached XP level 8. HP: 16/51 MP: 8/8
  5608 | D:5      | Noticed Prince Ribbit
  5612 | D:5      | Killed Prince Ribbit
  5613 | D:5      | Reached skill level 7 in Shields
  5883 | D:6      | Found a shadowy altar of Dithmenos.
  5893 | D:6      | Reached skill level 8 in Shields
  5895 | D:6      | Lost mutation: You have a pair of small antennae on your
                  | head. [potion of mutation]
  5895 | D:6      | Lost mutation: You are occasionally teleported next to
                  | monsters. [potion of mutation]
  5895 | D:6      | Lost mutation: Your spells are a little harder to cast, but
                  | a little more powerful. [potion of mutation]
  5895 | D:6      | Gained mutation: You are agile. (Dex +2) [potion of
                  | mutation]
  6240 | D:6      | Found a staircase to the Ecumenical Temple.
  6247 | Temple   | Entered the Ecumenical Temple
  6330 | Temple   | Became a worshipper of the Wu Jian Council
  6409 | D:6      | Reached XP level 9. HP: 28/55 MP: 9/9
  6564 | D:6      | Reached skill level 9 in Shields
  6981 | D:6      | Found Daeskev's Antique Weapon Shop.
  6989 | D:6      | Bought a pitted trident for 195 gold pieces
  6989 | D:6      | Identified the +4 trident of the End of Times {vamp, rN+
                  | Stlth+} (You bought it in a shop on level 6 of the Dungeon)
  7082 | D:6      | Acquired 927 gold pieces
  7437 | D:6      | Reached skill level 10 in Shields
  7887 | D:7      | Found a broken altar of Ashenzari.
  7949 | D:7      | Found a sacrificial altar of Ru.
  7962 | D:7      | Found Etzokuc's General Store.
  8072 | D:7      | Noticed a two-headed ogre
  8075 | D:7      | Killed a two-headed ogre
  8076 | D:7      | Reached skill level 11 in Shields
  8097 | D:6      | Reached XP level 10. HP: 14/62 MP: 10/10
  8383 | D:7      | Noticed Maggie
  8398 | D:7      | Reached * piety under Wu Jian
  8399 | D:7      | Reached skill level 12 in Shields
  8411 | D:7      | Killed Maggie
  9144 | D:7      | Reached skill level 13 in Shields
  9250 | D:7      | Noticed a two-headed ogre
  9638 | D:7      | Killed a two-headed ogre
 10077 | D:8      | Reached skill level 14 in Shields
 10086 | D:8      | Reached ** piety under Wu Jian
 10090 | D:8      | Reached XP level 11. HP: 37/67 MP: 11/11
 10263 | D:8      | Found a glowing golden altar of the Shining One.
 10312 | D:8      | Found Abbacvynt's Magic Scroll Shoppe.
 10317 | D:8      | Bought a scroll of blinking for 97 gold pieces
 10317 | D:8      | Bought a scroll of teleportation for 39 gold pieces
 10317 | D:8      | Bought a scroll of fear for 45 gold pieces
 10344 | D:8      | Got First Steps in Wizardry
 10364 | D:8      | Found Ufifor's Assorted Antiques.
 10372 | D:8      | Bought a scroll of enchant weapon for 210 gold pieces
 10644 | D:8      | Reached skill level 10 in Stealth
 10858 | D:8      | Found Jiwn's Book Shop.
 11404 | D:9      | You fall into a shaft and drop 2 floors!
 12120 | D:11     | Noticed a cyclops
 12173 | D:11     | Noticed a two-headed ogre
 12263 | D:11     | Noticed a six-headed hydra
 12282 | D:11     | Found a staircase to the Lair.
 12438 | D:11     | Reached skill level 5 in Short Blades
 12447 | D:11     | HP: 3/68 [cyclops (28)]
 12450 | Lair:1   | Entered Level 1 of the Lair of Beasts
 12548 | Lair:1   | Noticed an eight-headed hydra
 12632 | D:10     | Entered Level 10 of the Dungeon
 12891 | D:9      | Reached *** piety under Wu Jian
 14202 | D:10     | Found an iron altar of Okawaru.
 14620 | D:10     | Noticed a two-headed ogre
 14638 | D:10     | Killed a two-headed ogre
 14655 | D:10     | Reached XP level 12. HP: 74/74 MP: 12/12
 14663 | D:10     | Noticed Lodul
 14699 | D:10     | Found a staircase to the Orcish Mines.
 14714 | D:9      | Reached **** piety under Wu Jian
 15144 | D:10     | Reached skill level 15 in Shields
 15377 | D:10     | Noticed Nergalle
 15392 | D:10     | Slain by a spectral orc knight

Illustrated notes

Levels and vault maps discovered:
D:1:      lemuel_arrival_lava_pool, layout_basic
D:2:      layout_loops_ring, dreamdust_ecumenical_altar_statues,
          kennysheep_generic_room_5, uniq_natasha
D:3:      layout_loops_ring, mainiacjoe_overflow_chevrons,
          mainiacjoe_overflow_cross_hatched, mainiacjoe_overflow_tiny_flanked,
          uniq_jessica
D:4:      layout_loops_ring, grunt_gozag_statues, nicolae_uskayaw_en_pointe,
          cheibrodos_sewer_entry_drain
D:5:      layout_loops_ring, elyvilon_altar_3, slow_altar_1,
          mainiacjoe_overflow_concentric_impassable, uniq_ijyb,
          uniq_blork_the_orc, uniq_prince_ribbit1, uniq_pikel
D:6:      lemuel_ice_spiral_2, layout_basic, grunt_dithmenos_shadows,
          temple_green, serial_shops, kennysheep_mini, st_stairs_11,
          roderic_lattice_a
D:7:      kennysheep_windowed_halls, layout_gridville,
          nicolae_ru_the_path_less_chosen, nicolae_ashenzari_skybound,
          serial_shops, nicolae_inconvenience_store, minivault_4, uniq_maggie
D:8:      layout_loops_ring, mainiacjoe_overflow_alcove_2, serial_shops, shop,
          nicolae_shop_behind_doors, nicolae_shop_crystal, grunt_ministairs_5,
          nicolae_wwwww
D:9:      layout_long_grid
D:10:     layout_long_grid, mainiacjoe_overflow_brackets,
          kennysheep_orc_monster_closet_entryway, uniq_nergalle, uniq_lodul
D:11:     lemuel_castle_with_subvaults [lemuel_castle_interior_carwin_3],
          layout_stronghold, david_lair_generic, chequers_serial_rivers_room_a,
          minmay_microvault
Temple:   nicolae_temple_figure_zero
Lair:1:   layout_chaotic_city, beast_lair_carwin_10

Skill      XL: |  1  2  3  4  5  6  7  8  9 10 11 12 |
---------------+-------------------------------------+-----
Stealth        | 6 7 8 9 11 | 11.8
Shields        | 1 6 8 11 14 15 | 15.0
Evocations     | 1 2 4 |  4.4
Short Blades   | 3 5 6 |  6.1
Dodging        | 2 4 |  4.5
Fighting       | 3 4 |  4.4
Throwing       | |  2.0

Action                   |  1- 3 |  4- 6 |  7- 9 | 10-12 || total
-------------------------+-------+-------+-------+-------++-------
Melee: Dagger            |    38 |   135 |   214 |   571 ||   958
       Tentacles         |     9 |    19 |    58 |   165 ||   251
       Constrict         |     8 |    20 |    37 |    70 ||   135
       Punch             |       |       |     2 |    16 ||    18
Throw: Dart              |       |       |       |     2 ||     2
Invok: Lunge             |       |       |     7 |    50 ||    57
       Whirlwind         |       |       |       |     9 ||     9
  Use: Scroll            |     7 |     8 |    11 |    11 ||    37
       Potion            |       |     4 |     2 |     2 ||     8
 Stab: Sleeping          |    11 |    36 |    13 |    44 ||   104
       Distracted        |       |     2 |     3 |     3 ||     8
Armor: Skin              |     2 |     2 |     9 |     5 ||    18
Dodge: Dodged            |    22 |    37 |    62 |   112 ||   233
Block: Kite shield       |       |    13 |   103 |   392 ||   508
       Reflection        |       |       |       |    19 ||    19

Table legend: (Time is in decaauts)
 A = Elapsed time spent in this place.
 B = Non-inter-level travel time spent in this place.
 C = Inter-level travel time spent in this place.
 D = Time resting spent in this place.
 E = Time spent auto-exploring this place.
 F = Levels seen in this place.
 G = Mean time per level.
                   A        B        C        D        E       F      G
               +--------+--------+--------+--------+--------+-----+--------+
         Total |  15308 |  14990 |    318 |   2973 |   8501 |  14 | 1093.4 |
       Dungeon |  14187 |  13879 |    308 |   2536 |   8143 |  11 | 1289.7 |
        Temple |    449 |    439 |     10 |    306 |    117 |   1 |  449.0 |
          Lair |    117 |    117 |      0 |     82 |      0 |   1 |  117.0 |
         Sewer |    554 |    554 |      0 |     49 |    241 |   1 |  554.0 |
               +--------+--------+--------+--------+--------+-----+--------+

Top non-repeatable levels by time:
     D:7: 2187 daAuts
     D:6: 1579 daAuts
     D:9: 1557 daAuts
     D:5: 1336 daAuts
    D:10: 1325 daAuts
     D:2: 1184 daAuts
     D:8: 1163 daAuts
     D:4: 1156 daAuts
    D:11: 1090 daAuts
     D:3: 949 daAuts
     D:1: 656 daAuts
   Sewer: 554 daAuts
  Temple: 449 daAuts
  Lair:1: 117 daAuts
